 Dungeon Crawl Stone Soup version 0.29-a0-334-gb41bcbb86e (webtiles) character file.

Game seed: 17643686350357848786

37 Gerhazo the Digger (level 3, -2/19 HPs)
             Began as a Gargoyle Earth Elementalist on Apr 15, 2022.
             Slain by Terence
             ... wielding a +0 falchion
              (3 damage)
             ... on level 2 of the Dungeon.
             The game lasted 00:02:15 (1469 turns).

Gerhazo the Digger (Gargoyle Earth Elementalist)    Turns: 1469, Time: 00:02:15

Health: -2/19      AC:  6    Str: 11    XL:     3   Next: 39%
Magic:  0/6        EV: 11    Int: 17    God:
Gold:   34         SH:  0    Dex: 10    Spells: 5/6 levels left

rFire   . . .      SeeInvis .   m - +0 whip (flame)
rCold   . . .      Faith    .   (no shield)
rNeg    + . .      Spirit   .   b - +0 robe
rPois   ∞          Reflect  .   (no helmet)
rElec   +          Harm     .   (no cloak)
rCorr   .          Rampage  .   (no gloves)
Will    .....                   e - +0 pair of boots
Stlth   ++........              (no amulet)
HPRegen 0.06/turn               (no ring)
MPRegen 0.10/turn               (no ring)

@: weak-willed
A: sickness immunity, AC +3, negative energy resistance 1, electricity
resistance, torment resistance 1, petrification resistance
a: no special abilities


You were on level 2 of the Dungeon.
You visited 1 branch of the dungeon, and saw 3 of its levels.

You collected 34 gold pieces.

Inventory:

Hand Weapons
 m - a +0 whip of flaming (weapon)
Missiles
 a - 86 stones
Armour
 b - a +0 robe (worn)
 e - a +0 pair of boots (worn)
Scrolls
 i - a scroll of acquirement {unknown}
 l - a scroll of teleportation {unknown}
Potions
 c - a potion of magic
 d - 2 potions of flight {unknown}
 f - 2 potions of degeneration {unknown}
 h - a potion of haste {unknown}
 k - a potion of attraction {unknown}


   Skills:
 - Level 1.5 Dodging
 - Level 2.1 Stealth
 + Level 2.3 Spellcasting
 + Level 1.2 Conjurations
 - Level 1.0 Transmutations
 * Level 4.5 Earth Magic


You had 5 spell levels left.
You knew the following spells:

 Your Spells              Type           Power      Damage    Failure   Level
a - Sandblast             Erth           34%        2d9       3%          1

Your spell library contained the following spells:

 Spells                   Type           Power      Damage    Failure   Level
 Passwall                 Tmut/Erth      9%         N/A       9%          2
 Beastly Appendage        Tmut           10%        N/A       12%         1
 Stone Arrow              Conj/Erth      22%        3d8       17%         3
 Wereblood                Tmut           5%         N/A       19%         2
 Spider Form              Tmut/Pois      3%         N/A       41%         3
 Ignite Poison            Fire/Tmut/Pois 3%         N/A       43%         3
 Mephitic Cloud           Conj/Pois/Air  3%         N/A       43%         3
 Petrify                  Tmut/Erth      11%        N/A       52%         4
 Freezing Cloud           Conj/Ice/Air   1%         6-21      99%         5


Dungeon Overview and Level Annotations

Branches:
Dungeon (3/15)

Altars:

Annotations:
D:2 Terence


Innate Abilities, Weirdness & Mutations

You are immune to sickness and miasma.
Your stone body is resilient. (AC +3)
You are immune to poison.
You resist negative energy. (rN+)
You are resistant to electric shocks. (rElec)
You are resistant to unholy torment.
You are immune to petrification.


Message History

The ball python constricts you.
You escape the ball python's grasp.
The ball python attacks as you move away!
The ball python closely misses you. x2
The ball python attacks as you move away!
The ball python completely misses you. The ball python barely misses you. x2
The ball python grabs you. The ball python constricts you.
You escape the ball python's grasp.
Terence screams, "I want your blood!"
There is a stone staircase leading up here.
Terence hits you but does no damage.
You climb upwards.
There is a stone staircase leading down here.
There is an open door here.
Terence attacks as you move away! Terence hits you with a +0 falchion.
Terence attacks as you move away! Terence hits you but does no damage.
Aiming: Sandblast (safe; 3% risk of failure)
Press: ? - help, Q - select action, (/) - cycle Shift-Dir - straight line, f - Terence
Aim: Terence, wielding a +0 falchion and wearing a +0 scale mail (lightly wounded, 82% to hit)
The blast of sand hits Terence but does no damage.
Terence is lightly wounded.
Terence hits you with a +0 falchion.
Aiming: Sandblast (safe; 3% risk of failure)
Press: ? - help, Q - select action, (/) - cycle Shift-Dir - straight line, f/p - Terence
Aim: Terence, wielding a +0 falchion and wearing a +0 scale mail (lightly wounded, 82% to hit)
The blast of sand hits Terence.
Terence is moderately wounded.
Terence hits you but does no damage.
Aiming: Sandblast (safe; 3% risk of failure)
Press: ? - help, Q - select action, (/) - cycle Shift-Dir - straight line, f/p - Terence
Aim: Terence, wielding a +0 falchion and wearing a +0 scale mail (moderately wounded, 82% to hit)
The blast of sand hits Terence but does no damage.
Terence is moderately wounded.
Terence barely misses you. Terence attacks as you move away!
Terence hits you with a +0 falchion!
* * * LOW HITPOINT WARNING * * *
As you read the scroll labelled PUDOHO OM IVENN, it crumbles to dust.
Magic quickly surges around you.
It was a scroll of vulnerability.
Terence hits you with a +0 falchion.
You die...

... #.# ### #.# #..
##'## #.# ##...## #.#
## ##.....## #.## ..#
##.......## #..#...#
#...†)....####......##
+.....)..>'..@@.......
#.....################
##....# ##...# ##..#
##'# #.# #.# ##.#


You could see Terence (weak-willed).

Vanquished Creatures
  An orc (D:2)
  3 endoplasms
  2 giant cockroaches (D:2)
  2 goblins (D:1)
  4 hobgoblins
  3 jackals (D:1)
  A quokka (D:1)
  5 ball pythons
  3 bats (D:1)
  2 frilled lizards (D:1)
  2 kobolds
  3 rats
31 creatures vanquished.

Notes
Turn   | Place    | Note
-------+----------+-------------------------------------------
     0 | D:1      | Gerhazo the Gargoyle Earth Elementalist began the quest for
                  | the Orb.
     0 | D:1      | Reached XP level 1. HP: 10/10 MP: 3/3
    93 | D:1      | Found a faded altar of an unknown god.
   505 | D:1      | Reached skill level 1 in Transmutations
   505 | D:1      | Reached XP level 2. HP: 15/15 MP: 3/5
   616 | D:1      | Reached skill level 4 in Earth Magic
   817 | D:1      | Reached skill level 1 in Conjurations
   908 | D:1      | Reached XP level 3. HP: 19/19 MP: 4/6
  1444 | D:3      | Noticed Terence
  1469 | D:2      | Slain by Terence

Illustrated notes

Levels and vault maps discovered:
D:1:      nagdon_arrival_double_spiral, layout_loops_ring,
          hellmonk_ecumenical_altar_dog_temple
D:2:      minmay_razor_zed, layout_loops_corners, basic_altar,
          minmay_worlds_worst_comb
D:3:      layout_basic, nicolae_ru_great_annihilating_truth, uniq_terence,
          uniq_sigmund

Skill      XL: |  1  2 |
---------------+-------+-----
Transmutations | 1 |  1.0
Earth Magic    | 4 |  4.5
Conjurations   | 1 |  1.2
Dodging        | |  1.5
Stealth        | |  2.1
Spellcasting   | |  2.3

Action                   || total
-------------------------++-------
Melee: Unarmed           ||    10
       Dagger            ||     5
       Punch             ||     1
 Cast: Sandblast         ||    39
  Use: Scroll            ||     1
 Stab: Sleeping          ||     2
Armor: Robe              ||    19
Dodge: Dodged            ||    24

Table legend: (Time is in decaauts)
 A = Elapsed time spent in this place.
 B = Non-inter-level travel time spent in this place.
 C = Inter-level travel time spent in this place.
 D = Time resting spent in this place.
 E = Time spent auto-exploring this place.
 F = Levels seen in this place.
 G = Mean time per level.
                   A        B        C        D        E       F      G
               +--------+--------+--------+--------+--------+-----+--------+
         Total |   1467 |   1458 |      9 |    264 |    943 |   3 |  489.0 |
       Dungeon |   1467 |   1458 |      9 |    264 |    943 |   3 |  489.0 |
               +--------+--------+--------+--------+--------+-----+--------+

Top non-repeatable levels by time:
     D:1: 939 daAuts
     D:2: 502 daAuts
     D:3: 25 daAuts
